 Dungeon Crawl Stone Soup version 0.24-a0-232-g49d9ff8 (webtiles) character file.

Game seed: 14208838462712793072

105 Ijustatesigmund the Chopper (level 4, -1/31 HPs)
             Began as an Octopode Fighter on Apr 4, 2019.
             Slain by a centaur zombie (4 damage)
             ... on level 3 of the Dungeon.
             The game lasted 00:02:59 (1915 turns).

Ijustatesigmund the Chopper (Octopode Fighter)      Turns: 1915, Time: 00:03:01

Health: -1/31      AC:  1    Str: 15    XL:     4   Next: 81%
Magic:  4/4        EV: 11    Int: 10    God:
Gold:   83         SH:  9    Dex: 12    Spells: 3/3 levels left

rFire    . . .     SeeInvis .   a - +0 war axe
rCold    + + .     Gourm    .   b - +1 shield
rNeg     . . .     Faith    .   (helmet restricted)
rPois    .         Spirit   .   (no amulet)
rElec    .         Reflect  .   h - ring of protection from cold
rCorr    .         Harm     .   (no ring)
MR       .....                  (no ring)
Stlth    ++........             (no ring)
HPRegen  0.50/turn              (no ring)
MPRegen  0.09/turn              (no ring)
                                (no ring)
                                (no ring)

@: no status effects
A: almost no armour, stealthy swim, amphibious, 8 rings, constrict 8, camouflage
1, cold resistance 1, regeneration 1, gelatinous body 1
a: no special abilities


You were on level 3 of the Dungeon.
You were very hungry.

You visited 1 branch of the dungeon, and saw 3 of its levels.

You collected 83 gold pieces.

Inventory:

Hand Weapons
 a - a +0 war axe (weapon)
Armour
 b - a +1 shield (worn)
Jewellery
 h - a ring of protection from cold (left tentacle)
Scrolls
 e - a scroll of remove curse
 j - a scroll of teleportation
 k - 2 scrolls of enchant armour
 l - a scroll of blinking {unknown}
Potions
 c - 2 potions of might
 f - a potion of curing {unknown}
 g - a potion of agility {unknown}
 i - a potion of invisibility {unknown}
Comestibles
 d - 3 rations


   Skills:
 - Level 3.0 Fighting
 + Level 4.8 Axes
 - Level 3.0 Dodging
 - Level 3.0 Shields


You had 3 spell levels left.
You didn't know any spells.
Your spell library was empty.

Dungeon Overview and Level Annotations

Branches:
Dungeon (3/15)

Altars:
Dithmenos
Fedhas

Annotations:
D:3 confidenceinterval's ghost, amateur HOFi


Innate Abilities, Weirdness & Mutations

You cannot wear most types of armour.
You are very stealthy in the water. (Stealth+)
You are amphibious.
You can wear up to eight rings at the same time.
You can use your tentacles to constrict eight enemies at once.
Your skin changes colour to match your surroundings (Stealth+).
Your rubbery body absorbs attacks. (AC +1, EV +1)
Your flesh is cold resistant. (rC+)
Your natural rate of healing is unusually fast.


Message History

The adder skeleton is moderately damaged.
You constrict the adder skeleton. The adder skeleton closely misses you.
The adder skeleton bites you.
You slash the adder skeleton!
You destroy the adder skeleton!
You hit confidenceinterval's ghost but do no damage.
The centaur zombie hits you.
You closely miss confidenceinterval's ghost.
You hit the centaur zombie. You hit the howler monkey skeleton.
Confidenceinterval's ghost closely misses you.
The centaur zombie hits you. The howler monkey skeleton misses you.
Confidenceinterval's ghost hits you!
* * * LOW HITPOINT WARNING * * *
You are too injured to fight recklessly!
You are too injured to fight recklessly!
You enter the transporter and appear at another place.
The centaur zombie closely misses you. The howler monkey skeleton hits you.
* * * LOW HITPOINT WARNING * * *
The centaur zombie hits you.
You die...

>.# #.......##...########
#.####.......##.................
#..##...####.##..#############..
##.#..#####......#§......(...#...
.....## #..##...#...........#.#.
.#.#######.###.#.#..###.###..#.#.
...#.§.§...# #.#.#..#8#.#8#..#.#.
.....§....## #...#...........#...
...§.......# #.Z@#[....©.....#§..
.....†_§...# ##WZ#)..........#..#
...§.......# ##.#..#8#.#8#..#.##
...........# #.#..###.###..#.#
....§......# #.#...........#.#
..........## #.#...........#.#
...#.....## #.#############.#
########## #...............#
#################


You could see confidenceinterval's ghost, a centaur zombie and a howler monkey
skeleton.

Vanquished Creatures
  2 adders (D:2)
  An adder skeleton (D:3)
  4 worms
  5 dart slugs
  3 leopard geckos
  2 giant cockroaches
  6 goblins
  6 hobgoblins
  4 jackals (D:2)
  8 kobolds
  7 bats
  3 frilled lizards
  7 rats
58 creatures vanquished.

Notes
Turn   | Place    | Note
-------+----------+-------------------------------------------
     0 | D:1      | Ijustatesigmund the Octopode Fighter began the quest for
                  | the Orb.
     0 | D:1      | Reached XP level 1. HP: 16/16 MP: 1/1
    74 | D:1      | Reached XP level 2. HP: 21/21 MP: 2/2
   109 | D:1      | Reached skill level 3 in Axes
   818 | D:2      | Reached XP level 3. HP: 26/26 MP: 3/3
   976 | D:2      | Found a blossoming altar of Fedhas.
   991 | D:2      | Reached skill level 4 in Axes
  1061 | D:2      | Reached XP level 4. HP: 22/31 MP: 4/4
  1515 | D:2      | Gained mutation: Your flesh is cold resistant. (rC+)
                  | [potion of mutation]
  1515 | D:2      | Gained mutation: Your natural rate of healing is unusually
                  | fast. [potion of mutation]
  1635 | D:2      | Found a faded altar of an unknown god.
  1833 | D:3      | Found a shadowy altar of Dithmenos.
  1857 | D:3      | Found a transporter.
  1882 | D:3      | Found a transporter.
  1883 | D:3      | Noticed confidenceinterval's ghost (amateur HOFi)
  1915 | D:3      | Slain by a centaur zombie

Levels and vault maps discovered:
D:1:      minmay_arrival_wavy_path, layout_basic
D:2:      minmay_evil_eye, layout_basic, chequers_ecumenical_altar_grove,
          fedhas_altar_2
D:3:      layout_rooms, gammafunk_ghost_mausoleum, corexii_leaking_fountain,
          grunt_dithmenos_smoke

Skill      XL: |  1  2  3 |
---------------+----------+-----
Axes           | 3 4 |  4.8
Fighting       | |  3.0
Dodging        | |  3.0
Shields        | |  3.0

Action                   |  1- 3 |  4- 6 || total
-------------------------+-------+-------++-------
Melee: War axe           |    44 |    42 ||    86
       Constrict         |    11 |    15 ||    26
       Tentacles         |     7 |    11 ||    18
  Use: Scroll            |     2 |     2 ||     4
       Potion            |       |     2 ||     2
 Stab: Sleeping          |     6 |     7 ||    13
  Eat: Chunk             |       |     2 ||     2
Armor: Skin              |     1 |     5 ||     6
Dodge: Dodged            |    25 |    18 ||    43
Block: Shield            |    20 |    23 ||    43

Table legend:
 A = Non-vault XP
 B = Vault XP
 C = Vault XP percentage of total XP
 D = Non-vault monster count
 E = Vault monster count
 F = Vault count percentage of total count
                 A         B        C        D         E       F
            +---------+---------+-------+---------+---------+-------
      Total |     137 |      13 |   8.7 |      54 |       4 |   6.9
            +---------+---------+-------+---------+---------+-------
        D:1 |      33 |       0 |   0.0 |      16 |       0 |   0.0
        D:2 |      86 |       8 |   8.5 |      31 |       3 |   8.8
        D:3 |      18 |       5 |  21.7 |       7 |       1 |  12.5
            +---------+---------+-------+---------+---------+-------
